AoeStats
← El loco

Glade

511105801Analyzed
1v1 RM · 4h ago on Oct 3, 2026· 36m 27s· 2 players
Game mode
Random Map
Map size
Tiny (2 player)
Population
200
Speed
Normal
Resources
Standard
Victory
Conquest
Starting age
Dark Age
Ending age
Imperial Age
RankedLock teamsTeams togetherTeam positionsShared explorationLock speedFull tech treeHidden civsTurbo modeCheats
Victory
Defeat
🇦🇷 Byzantines · Argentina
1228
+17
🇲🇽 Maya · Mexico
1260
-17
El loco
10:25 Feudal Age
11:48 Double-Bit Axe
15:29 Loom
18:18 Castle Age
16:33 Fletching
17:17 Padded Archer Armor
17:29 Horse Collar
17:27 Man-at-Arms
19:02 Gambesons
18:45 Crossbowman
19:46 Elite Skirmisher
21:29 Long Swordsman
23:56 Bodkin Arrow
24:36 Scale Mail Armor
27:41 Thumb Ring
29:05 Leather Archer Armor
29:06 Chain Mail Armor
29:01 Forging
36:51 Wheelbarrow
36:50 Squires
Galloblanco84
0:30 Loom
8:50 Feudal Age
9:06 Man-at-Arms
10:26 Arson
11:30 Double-Bit Axe
20:40 Castle Age
19:22 Padded Archer Armor
19:32 Gold Mining
19:40 Fletching
20:45 Crossbowman
21:35 Bodkin Arrow
22:25 Leather Archer Armor
24:28 Town Watch
27:23 Thumb Ring
31:31 Bow Saw
32:57 Ballistics
Connection lost

Rejoining the realm…

Still unreachable

The connection could not be restored.

Session expired

The server has moved on; the page needs a fresh start.